 Dungeon Crawl Stone Soup version 0.28-a0-1435-g82390b3a13 (webtiles) character file.

Game seed: 4218562937331582123

44 HallandMoats the Skirmisher (level 3, 0/29 HPs)
             Began as a Demonspawn Fighter on Jan 9, 2022.
             Was a Follower of Vehumet.
             Constricted to death by a ball python (1 damage)
             ... on level 2 of the Dungeon.
             The game lasted 00:01:10 (1129 turns).

HallandMoats the Skirmisher (Demonspawn Fighter)    Turns: 1129, Time: 00:01:10

Health: 0/29       AC:  6    Str: 18    XL:     3   Next: 39%
Magic:  3/3        EV:  6    Int:  9    God:    Vehumet [*.....]
Gold:   29         SH:  4    Dex: 12    Spells: 2/2 levels left

rFire   . . .      SeeInvis .   h - +0 mace (protect)
rCold   . . .      Faith    .   c - +0 buckler
rNeg    . . .      Spirit   .   b - +0 scale mail
rPois   .          Reflect  .   (no helmet)
rElec   .          Harm     .   (no cloak)
rCorr   .          Rampage  .   (no gloves)
Will    .....                   (no boots)
Stlth   ..........              (no amulet)
HPRegen 0.09/turn               (no ring)
MPRegen 0.08/turn               (no ring)

@: constricted
A: hooves 1, demonic guardian 1
a: Renounce Religion


You were on level 2 of the Dungeon.
You worshipped Vehumet.
Vehumet was aware of your devotion.
You visited 1 branch of the dungeon, and saw 2 of its levels.

You collected 29 gold pieces.

Inventory:

Hand Weapons
 a - a +0 trident
 h - a +0 mace of protection (weapon)
Armour
 b - a +0 scale mail (worn)
 c - a +0 buckler (worn)
Jewellery
 g - a +6 ring of intelligence
Scrolls
 e - a scroll of vulnerability {unknown}
 i - a scroll of identify {unknown}
 j - a scroll of enchant armour {unknown}
Potions
 d - a potion of might
 f - a potion of flight {unknown}


   Skills:
 * Level 3.5 Fighting
 * Level 2.4 Polearms
 + Level 2.8 Armour
 + Level 0.8 Dodging
 + Level 2.9 Shields


You had 2 spell levels left.
You didn't know any spells.
Your spell library contained the following spells:

 Spells                   Type           Power      Damage    Failure   Level
 Magic Dart               Conj           0%         1d3       86%         1
 Sublimation of Blood     Necr           0%         N/A       95%         2
 Wereblood                Tmut           0%         N/A       95%         2
 Summon Hydra             Summ           0%         N/A       100%        7


Dungeon Overview and Level Annotations

Branches:
Dungeon (2/15)

Altars:
Vehumet


Innate Abilities, Weirdness & Mutations

You have large cloven feet.
A weak demonic guardian rushes to your aid.


Message History

The ball python constricts you. You block the goblin's attack.
The ball python bites you but does no damage.
The ball python constricts you. The bat hits you.
The goblin hits you with a +0 club.
The ball python bites you but does no damage.
The ball python constricts you. The bat hits you.
The ball python bites you but does no damage.
The ball python constricts you. The goblin hits you with a +0 club.
The bat closely misses you. You block the ball python's attack.
The ball python constricts you. The goblin barely misses you.
The bat hits you but does no damage.
The ball python bites you but does no damage.
The ball python constricts you. The bat hits you but does no damage.
The goblin barely misses you. You block the bat's attack.
The bat hits you but does no damage. The ball python bites you.
* * * LOW HITPOINT WARNING * * *
The ball python constricts you. The bat closely misses you.
The goblin hits you but does no damage.
The ball python bites you but does no damage.
The ball python constricts you.
The bat hits you but does no damage. x2; The goblin hits you with a +0 club.
* * * LOW HITPOINT WARNING * * *
A demonic guardian appears!
You block the ball python's attack. The ball python constricts you.
The bat hits you.
* * * LOW HITPOINT WARNING * * *
The ball python bites you but does no damage.
The ball python constricts you. The goblin hits you but does no damage.
You block the bat's attack. You block the ball python's attack.
The ball python constricts you. The goblin barely misses you.
The bat hits your shadow imp but does no damage.
The ball python bites you.
* * * LOW HITPOINT WARNING * * *
The ball python constricts you.
Your shadow imp closely misses the bat.
You block the goblin's attack. The bat barely misses your shadow imp.
You block the ball python's attack. The ball python constricts you.
You die...

#. .#. ...
..#####
##..)..## #
#..#b<..# .#
#...5...#..#
#.<.@.#....#
#..gS.?.#
#..#.<..#
##.....##
g....#####
##... ###


You could see a goblin, a bat (ally target), a ball python and a friendly shadow
imp (summoned).

Vanquished Creatures
  3 dart slugs (D:1)
  6 ball pythons (D:1)
  4 bats (D:1)
  An endoplasm (D:1)
  4 goblins (D:1)
  2 hobgoblins (D:1)
  3 jackals (D:1)
  7 kobolds (D:1)
  2 quokkas (D:1)
  A rat (D:1)
33 creatures vanquished.

Notes
Turn   | Place    | Note
-------+----------+-------------------------------------------
     0 | D:1      | HallandMoats the Demonspawn Fighter began the quest for the
                  | Orb.
     0 | D:1      | Reached XP level 1. HP: 18/18 MP: 1/1
   187 | D:1      | Discovered your monstrous ancestry.
   187 | D:1      | Gained mutation: You have large cloven feet. [demonic
                  | ancestry]
   187 | D:1      | Reached XP level 2. HP: 24/24 MP: 2/2
   557 | D:1      | Gained mutation: A weak demonic guardian rushes to your
                  | aid. [demonic ancestry]
   557 | D:1      | Reached XP level 3. HP: 25/29 MP: 3/3
  1104 | D:2      | Found a faded altar of an unknown god.
  1107 | D:2      | Prayed at the altar of an unknown god.
  1107 | D:2      | Became a worshipper of Vehumet
  1107 | D:2      | Reached * piety under Vehumet
  1107 | D:2      | Offered knowledge of Magic Dart by Vehumet.
  1128 | D:2      | HP: 1/29 [ball python (1)]
  1129 | D:2      | Constricted to death by a ball python

Illustrated notes

Levels and vault maps discovered:
D:1:      amcnicky_arrival_flooded_fountain, layout_loops_ring,
          minmay_misc_feat_x
D:2:      layout_rooms, nicolae_ecumenical_pavilion

Skill      XL: |  1 |
---------------+----+-----
Polearms       | 2 |  2.4
Fighting       | |  3.5
Armour         | |  2.8
Dodging        | |  0.8
Shields        | |  2.9

Action                   || total
-------------------------++-------
Melee: Trident           ||    71
       Kick              ||     9
       Mace              ||    21
Armor: Scale mail        ||    78
Dodge: Dodged            ||    55
Block: Buckler           ||    36

Table legend: (Time is in decaauts)
 A = Elapsed time spent in this place.
 B = Non-inter-level travel time spent in this place.
 C = Inter-level travel time spent in this place.
 D = Time resting spent in this place.
 E = Time spent auto-exploring this place.
 F = Levels seen in this place.
 G = Mean time per level.
                   A        B        C        D        E       F      G
               +--------+--------+--------+--------+--------+-----+--------+
         Total |   1154 |   1104 |     50 |    152 |    705 |   2 |  577.0 |
       Dungeon |   1154 |   1104 |     50 |    152 |    705 |   2 |  577.0 |
               +--------+--------+--------+--------+--------+-----+--------+

Top non-repeatable levels by time:
     D:1: 1129 daAuts
     D:2: 24 daAuts
